 Dungeon Crawl Stone Soup version 0.30-a0-778-g2ef04afb54 (webtiles) character file.

Game seed: 5133369312597444070

1627 Twinkles the Sneak (level 9, -2/44 (54) HPs)
             Began as a Kobold Enchanter on Feb 14, 2023.
             Was an Initiate of Gozag.
             Slain by a wight
             ... wielding a +3 flail
              (5 damage)
             ... on level 6 of the Dungeon on Feb 15, 2023.
             The game lasted 00:33:59 (6822 turns).

Twinkles the Sneak (Kobold Enchanter)               Turns: 6822, Time: 00:33:59

HP:   -2/44 (54)    AC:  5    Str:  6    XL:     9   Next: 17%
MP:   11/12         EV: 17    Int: 16    God:    Gozag
Gold: 852           SH:  5    Dex: 19    Spells: 2/12 levels left

rFire   . . .      SeeInvis .    a - +2 dagger (freeze)
rCold   . . .      Faith    .    (no shield)
rNeg    . . .      Spirit   .    h - +0 robe
rPois   .          Reflect  +    o - +0 helmet
rElec   .          Harm     .    y - scarf {shadows}
rCorr   .          Rampage  .    n - +0 pair of gloves
Will    +....                    j - +0 pair of boots
Stlth   +++++                    g - amulet of reflection
HPRegen 0.27/turn                q - ring of willpower
MPRegen 0.13/turn                (no ring)

@: heavily drained
A: small, no large weapons, nightstalker 3
a: Renounce Religion, Potion Petition, Call Merchant, Bribe Branch


You were on level 6 of the Dungeon.
You worshipped Gozag.
Gozag was pleased with you.
You visited 1 branch of the dungeon, and saw 6 of its levels.
You also visited: Sewer.

You collected 963 gold pieces.
You paid 111 gold pieces to Gozag.

Inventory:

Hand Weapons
 a - a +2 dagger of freezing (weapon)
 b - a +2 short sword of freezing
 t - a +0 sling
 u - a +1 dagger
 F - a +1 shortbow of draining
Missiles
 z - 10 poisoned darts (quivered)
 G - a throwing net
Armour
 c - a +0 buckler
 h - a +0 robe (worn)
 i - a +2 cloak
 j - a +0 pair of boots (worn)
 n - a +0 pair of gloves (worn)
 o - a +0 helmet (worn)
 y - a scarf of shadows (worn)
Jewellery
 g - an amulet of reflection (around neck)
 q - a ring of willpower (left hand)
 v - a +6 ring of intelligence
Wands
 e - a wand of charming (10)
Scrolls
 d - a scroll of immolation {unknown}
 f - 2 scrolls of vulnerability {unknown}
 k - a scroll of summoning {unknown}
 l - 2 scrolls of fear {unknown}
 m - a scroll of magic mapping {unknown}
 p - 2 scrolls of enchant armour {unknown}
 s - a scroll of poison {unknown}
 x - 3 scrolls of brand weapon {unknown}
 E - a scroll of silence {unknown}
 Y - 4 scrolls of teleportation
 Z - 2 scrolls of identify
Potions
 r - a potion of magic {unknown}
 w - 2 potions of might {unknown}
 A - 6 potions of attraction
 B - a potion of brilliance
 C - 3 potions of cancellation
 D - a potion of mutation {unknown}
 H - 2 potions of haste
 I - 2 potions of invisibility
 J - a potion of curing
 K - a potion of resistance {unknown}
 N - 3 potions of heal wounds
 T - a potion of berserk rage


   Skills:
 + Level 5.2 Fighting
 - Level 5.4 Short Blades
 - Level 4.6 Dodging
 - Level 6.3 Stealth
 - Level 2.4 Spellcasting
 + Level 5.5 Hexes
 + Level 4.3 Summonings
 - Level 2.0 Transmutations
 - Level 2.1 Earth Magic


You had 2 spell levels left.
You knew the following spells:

 Your Spells              Type           Power      Damage    Failure   Level
a - Ensorcelled Hibernat  Hex/Ice        20%        N/A       10%         2
b - Tukima's Dance        Hex            19%        N/A       6%          3
c - Confusing Touch       Hex            19%        N/A       6%          3
w - Passwall              Tmut/Erth      6%         N/A       13%         2

Your spell library contained the following spells:

 Spells                   Type           Power      Damage    Failure   Level
 Slow                     Hex            76%        N/A       1%          1
 Apportation              Tloc           2%         N/A       21%         1
 Static Discharge         Conj/Air       2%         2-3/arc   30%         2
 Dazzling Flash           Conj/Hex       20%        N/A       19%         3
 Inner Flame              Hex/Fire       10%        N/A       19%         3
 Swiftness                Air            1%         N/A       52%         3
 Vampiric Draining        Necr           1%         2d6       52%         3
 Vhi's Electric Charge    Tloc/Air       2%         N/A       52%         3
 Silence                  Hex/Air        5%         N/A       87%         5
 Flame Wave               Conj/Fire      1%         2d4       89%         4
 Sticky Flame             Conj/Fire      1%         2d3       89%         4
 Alistair's Intoxication  Tmut/Pois      3%         N/A       98%         5
 Agony                    Necr           1%         N/A       99%         5
 Arcjolt                  Conj/Air       0%         1d10      99%         5
 Lightning Bolt           Conj/Air       0%         1d11      99%         5


Dungeon Overview and Level Annotations

Branches:
Dungeon (6/15) Zot: 26135   Sewer (visited)
 Temple: D:4-7

Altars:
Fedhas
Gozag
Okawaru

Shops:
D:3 =   D:4 =   D:5 :*

Annotations:
D:1 2 runed translucent doors
D:4 jimonade's ghost, amateur OgVM
D:5 3 runed translucent doors, exclusion: skeleton


Innate Abilities, Weirdness & Mutations

You are small and have problems with some larger weapons.
You are completely attuned to the shadows.


Message History

Confirm with . or Enter, or press ? or * to list all spells.
Your hands begin to glow red.
You climb downwards.
The wight closely misses you. The wight misses you.
There is a stone staircase leading up here.
You hit the wight but do no damage.
The wight is lightly damaged.
You barely miss the wight.
The wight is lightly damaged.
The wight hits you with a +3 flail.
You feel drained.
You closely miss the wight.
The wight is lightly damaged.
You block the wight's attack.
You barely miss the wight.
The wight is lightly damaged.
You hit the wight but do no damage.
The wight is lightly damaged.
The wight completely misses you.
You closely miss the wight.
The wight is lightly damaged.
The wight closely misses you.
You barely miss the wight. The wight closely misses you.
You closely miss the wight. You hit the wight but do no damage.
The wight hits you with a +3 flail.
You barely miss the wight. The wight hits you with a +3 flail.
You feel drained.
You hit the wight but do no damage. You block the wight's attack.
You closely miss the wight. You hit the wight but do no damage.
Your hands stop glowing.
The wight hits you with a +3 flail!
You feel drained.
You closely miss the wight. You block the wight's attack.
You hit the wight but do no damage. The wight barely misses you.
You hit the wight but do no damage. You hit the wight.
The wight is moderately damaged.
The wight hits you with a +3 flail!
* * * LOW HITPOINT WARNING * * *
You feel drained.
You die...
Your body crumbles into a pile of gold.

###.#.### ###########...# #.#
#............## #.#
###.#########..# #.#
#..............########.##
#####.###....................####
......# #.#######.#######........
####..# #.# ####.# #.#######
####..###.# ...@z# #.#
..........# .##### #.#
##....##### #....# ##....#
<<....# ##)..## ##...# ####
##...# P.P.


You could see a wight.

Vanquished Creatures
  3 black bears (D:6)
  3 centaurs
  An ogre (D:5)
  2 phantoms
  A kobold brigand (Sewer)
  3 scorpions
  3 hounds
  2 jellies
  An orc priest (D:6)
  3 iguanas
  3 orc wizards
  8 adders
  7 gnolls
  A shadow imp (D:4)
  2 white imps
  2 worms (D:3)
  A dart slug (D:4)
  12 orcs
  5 endoplasms
  7 giant cockroaches
  6 goblins
  6 hobgoblins
  32 kobolds
  8 quokkas
  13 ball pythons
  7 bats
  4 frilled lizards
  12 rats
158 creatures vanquished.

Vanquished Creatures (others)
  A plant (Sewer)
1 creature vanquished.

Grand Total: 159 creatures vanquished

Notes
Turn   | Place    | Note
-------+----------+-------------------------------------------
     0 | D:1      | Twinkles the Kobold Enchanter began the quest for the Orb.
     0 | D:1      | Reached XP level 1. HP: 10/10 MP: 3/3
    75 | D:1      | Found a large runed translucent door.
    75 | D:1      | Found a large runed translucent door.
    76 | D:1      | Noticed an ogre
    78 | D:1      | Noticed an ogre
    80 | D:1      | Noticed an ogre
    81 | D:1      | Noticed an ogre
    94 | D:1      | Reached XP level 2. HP: 15/15 MP: 5/5
   351 | D:1      | HP: 4/15 [kobold/+0 whip (5)]
   540 | D:1      | Reached XP level 3. HP: 19/19 MP: 6/6
   543 | D:1      | Learned a level 2 spell: Ensorcelled Hibernation
  1184 | D:2      | Reached skill level 5 in Stealth
  1184 | D:2      | Reached XP level 4. HP: 21/24 MP: 7/7
  1314 | D:2      | Reached XP level 5. HP: 28/28 MP: 5/8
  2152 | D:3      | Found Gacemoi's Jewellery Boutique.
  2636 | D:3      | Identified the +0 chain mail of Sysuah {Harm Stlth+}
  2891 | D:3      | Reached XP level 6. HP: 32/32 MP: 9/9
  2945 | D:4      | Learned a level 2 spell: Passwall
  2988 | D:4      | Found a runed translucent gate.
  2989 | D:4      | Found Nuutaset's Jewellery Boutique.
  2989 | D:4      | Found a runed translucent gate.
  2989 | D:4      | Found an opulent altar of Gozag.
  2990 | D:4      | Found a runed translucent gate.
  3149 | D:4      | Reached skill level 1 in Transmutations
  3149 | D:4      | Reached skill level 1 in Earth Magic
  3345 | D:4      | Found an iron altar of Okawaru.
  3903 | D:4      | Reached XP level 7. HP: 36/36 MP: 10/10
  3981 | D:4      | Noticed jimonade's ghost (amateur OgVM)
  4077 | D:4      | Became a worshipper of Gozag Ym Sagoz the Greedy
  4186 | D:5      | Entered Level 5 of the Dungeon
  4208 | D:5      | Found a glowing drain.
  4241 | D:5      | Reached skill level 5 in Short Blades
  4278 | Sewer    | Entered a sewer
  4629 | Sewer    | Reached skill level 1 in Fighting
  4629 | Sewer    | Reached skill level 6 in Stealth
  4899 | D:5      | Identified the +1 leather armour "Aleaxzac" {+Blink rC-
                  | Regen+ SInv}
  4959 | D:5      | Found Agoczeenna's Book Shop.
  5210 | D:5      | Found Desauluz's General Store.
  5289 | D:5      | Found a runed translucent gate.
  5289 | D:5      | Found a runed translucent gate.
  5289 | D:5      | Found a runed translucent gate.
  5316 | D:5      | Reached skill level 1 in Summonings
  5316 | D:5      | Reached XP level 8. HP: 45/45 MP: 11/11
  5963 | D:6      | Upgraded the game from 0.30-a0-777-ga9a30cbeda to
                  | 0.30-a0-778-g2ef04afb54
  6063 | D:6      | Learned a level 3 spell: Confusing Touch
  6067 | D:6      | Learned a level 3 spell: Tukima's Dance
  6344 | D:6      | Reached skill level 5 in Hexes
  6344 | D:6      | Reached XP level 9. HP: 37/52 MP: 1/12
  6479 | D:6      | Reached skill level 5 in Fighting
  6713 | D:6      | Found a blossoming altar of Fedhas.
  6822 | D:6      | HP: 3/46 [wight/+3 flail (14)]
  6822 | D:6      | Slain by a wight

Illustrated notes

Levels and vault maps discovered:
D:1:      erik_arrival_cave_to_civilisation [erik_arrival_cave_to_temple],
          layout_loops_ring
D:2:      layout_loops_ring
D:3:      layout_basic, serial_shops, nicolae_shop_waterfront, minmay_pentangle
D:4:      layout_loops_ring, okawaru_trees_2, ebering_ghost_gozag, serial_shops,
          shop
D:5:      layout_rooms, serial_shops, nicolae_shop_hallway_plus, shop,
          gammafunk_ghost_necromancy, serial_curves, eino_curves_04,
          eino_curves_01, gup_sewer_entry_pipe, serial_bayou_pond_e
D:6:      layout_loops_ring, grunt_temple_overflow_forces_of_nature

Skill      XL: |  1  2  3  4  5  6  7  8  9 |
---------------+----------------------------+-----
Short Blades   | 2 3 4 5 |  5.4
Dodging        | 3 4 |  4.6
Stealth        | 5 6 |  6.3
Transmutations | 2 |  2.0
Earth Magic    | 2 |  2.1
Fighting       | 2 4 5 |  5.2
Summonings     | 1 3 4 |  4.3
Hexes          | 5 |  5.5
Spellcasting   | |  2.4

Action                     |  1- 3 |  4- 6 |  7- 9 || total
---------------------------+-------+-------+-------++-------
  Melee: Dagger            |    62 |   104 |   264 ||   430
         Punch             |     2 |       |     4 ||     6
         Short sword       |    14 |    34 |       ||    48
  Throw: Dart              |       |       |     5 ||     5
   Cast: Ensorcelled Hiber |       |     3 |    19 ||    22
         Confusing Touch   |       |       |     4 ||     4
         Passwall          |       |       |     1 ||     1
    Use: Scroll            |       |     8 |     1 ||     9
   Stab: Sleeping          |    14 |    30 |    42 ||    86
         Distracted        |       |       |     1 ||     1
         Confused          |       |       |     1 ||     1
 Armour: Robe              |    12 |    12 |    31 ||    55
  Dodge: Dodged            |    42 |    61 |   135 ||   238
  Block: Other             |       |    16 |    39 ||    55
         Reflection        |       |     1 |     1 ||     2

Table legend: (Time is in decaauts)
 A = Elapsed time spent in this place.
 B = Non-inter-level travel time spent in this place.
 C = Inter-level travel time spent in this place.
 D = Time resting spent in this place.
 E = Time spent auto-exploring this place.
 F = Levels seen in this place.
 G = Mean time per level.
                   A        B        C        D        E       F      G
               +--------+--------+--------+--------+--------+-----+--------+
         Total |   6754 |   6450 |    304 |    305 |   4774 |   7 |  964.9 |
       Dungeon |   6353 |   6049 |    304 |    305 |   4494 |   6 | 1058.8 |
         Sewer |    401 |    401 |      0 |      0 |    279 |   1 |  401.0 |
               +--------+--------+--------+--------+--------+-----+--------+

Top non-repeatable levels by time:
     D:4: 1409 daAuts
     D:5: 1225 daAuts
     D:1: 1028 daAuts
     D:3: 970 daAuts
     D:2: 883 daAuts
     D:6: 836 daAuts
   Sewer: 401 daAuts
